 Dungeon Crawl Stone Soup version 0.21-a0 (webtiles) character file.

67 polly the Ruffian (level 4, 23/33 HPs)
             Began as a Demonspawn Gladiator on May 18, 2017.
             Quit the game on level 2 of the Dungeon.
             The game lasted 00:01:50 (1139 turns).

polly the Ruffian (Demonspawn Gladiator)            Turns: 1139, Time: 00:01:51

Health: 23/33      AC:  4    Str: 15    XL:     4   Next: 0%
Magic:  4/4        EV: 13    Int: 10    God:
Gold:   96         SH:  0    Dex: 14    Spells: 3/3 levels left

rFire    . . .     SeeInvis .     - Unarmed
rCold    + . .     Gourm    +   (no shield)
rNeg     . . .     Faith    .   a - +0 leather armour
rPois    +         Spirit   .   b - +0 helmet
rElec    .         Reflect  .   (no cloak)
rCorr    .         Harm     .   (no gloves)
MR       .....                  (no boots)
Stlth    +.........             f - amulet of the gourmand
Regen    0.2/turn               e - ring of poison resistance
MPRegen  0.1/turn               l - ring of protection from cold

@: no status effects
A: hooves 1, powered by pain 1, sanguine armour 1
a: no special abilities


You were on level 2 of the Dungeon.
You were hungry.

You visited 1 branch of the dungeon, and saw 2 of its levels.

You collected 96 gold pieces.

Inventory:

Missiles
 c - 3 throwing nets (quivered)
Armour
 a - a +0 leather armour (worn)
 b - a +0 helmet (worn)
Jewellery
 e - a ring of poison resistance (left hand)
 f - an amulet of the gourmand (around neck)
 l - a ring of protection from cold (right hand)
Scrolls
 g - 4 scrolls of identify {unknown}
 i - 2 scrolls of teleportation {unknown}
 j - a scroll of recharging {unknown}
 k - a scroll of enchant armour {unknown}
Comestibles
 d - 2 bread rations
 h - 2 meat rations


   Skills:
 + Level 2.2 Fighting
 + Level 1.7 Throwing
 + Level 0.5 Armour
 + Level 3.1 Dodging
 + Level 3.9 Unarmed Combat


You had 3 spell levels left.
You didn't know any spells.

Dungeon Overview and Level Annotations

Branches:
Dungeon (2/15)

Altars:


Innate Abilities, Weirdness & Mutations

You have large cloven feet.
You sometimes gain a little power by taking damage.
When seriously injured, your bleeding wounds create armour. (AC +0)


Message History

You kill the bat!
The bat closely misses you. The bat hits you.
Your blood congeals into armour.
You see here a bat corpse.
The bat hits you but does no damage.
Found a scroll labeled CIOT QYXYEWOD.
The bat closely misses you.
You closely miss the bat. The bat misses you. x2
The bat completely misses you. The bat completely misses you.
You see here a scroll labeled CIOT QYXYEWOD.
The bat hits you but does no damage.
Your blood armour dries and flakes away.
The bat hits you but does no damage. The bat closely misses you.
You hit the bat.
You kill the bat!
You have reached level 4!
You feel clever.
Your demonic ancestry asserts itself...
Your feet thicken and deform.
Are you sure you want to abandon this character and quit the game? (Confirm with "yes".)

#. ....##
#######
#......
#..†..# #..#
## #.###.#
#..# #?# #.#
#..# #†# #.#
#..# #@#
#.######..#
#.#
#.........#
#.#
########.#####
#.# #......
#.# #######
..# #.# #.#


There were no monsters in sight!

Vanquished Creatures
  3 adders (D:2)
  A dart slug (D:1)
  A worm (D:2)
  2 ball pythons (D:2)
  3 bats
  3 giant cockroaches
  2 goblins
  6 hobgoblins
  A quokka (D:2)
  7 frilled lizards
  3 kobolds
  3 rats
35 creatures vanquished.

Notes
Turn   | Place    | Note
-------+----------+-------------------------------------------
     0 | D:1      | polly the Demonspawn Gladiator began the quest for the Orb.
     0 | D:1      | Reached XP level 1. HP: 16/16 MP: 1/1
   145 | D:1      | Gained mutation: You sometimes gain a little power by taking damage. [demonic ancestry]
   145 | D:1      | Reached XP level 2. HP: 13/22 MP: 2/2
   604 | D:2      | Gained mutation: When seriously injured, your bleeding wounds create armour. (AC +0) [demonic ancestry]
   604 | D:2      | Reached XP level 3. HP: 9/27 MP: 3/3
  1138 | D:2      | Gained mutation: You have large cloven feet. [demonic ancestry]
  1138 | D:2      | Reached XP level 4. HP: 23/33 MP: 4/4
  1139 | D:2      | Quit the game

Vault maps used:
D:1:      saegor_arrival_simple_c

Skill      XL: |  1  2 |
---------------+-------+-----
Unarmed Combat | 3 |  3.9
Dodging        | 3 |  3.1
Fighting       | |  2.2
Throwing       | |  1.7
Armour         | |  0.5

Action                   |  1- 3 |  4- 6 || total
-------------------------+-------+-------++-------
Melee: Unarmed           |   159 |       ||   159
       Punch             |     2 |       ||     2
Armor: Leather armour    |    57 |       ||    57
Dodge: Dodged            |   122 |       ||   122
